 Dungeon Crawl Stone Soup version 0.20-a0-9-g62d82d9 (webtiles) character file.

71 JeffiDaFish the Covered (level 4, -1/28 HPs)
             Began as a Gargoyle Fighter on Nov 1, 2016.
             Killed from afar by a white imp (10 damage)
             ... with a puff of frost
             ... summoned by Natasha
             ... on level 3 of the Dungeon.
             The game lasted 00:03:22 (1766 turns).

JeffiDaFish the Covered (Gargoyle Fighter)          Turns: 1766, Time: 00:03:23

Health: -1/28      AC: 10    Str: 20    XL:     4   Next: 24%
Magic:  4/4        EV:  7    Int:  9    God:
Gold:   76         SH:  9    Dex:  9    Spells: 0 memorised, 3 levels left

rFire  . . .     SeeInvis .     a - +0 rapier
rCold  . . .     Gourm    .     b - +0 scale mail
rNeg   + . .     Faith    .     c - +0 shield
rPois  ∞         Spirit   .     (no helmet)
rElec  +         Reflect  .     (no cloak)
rCorr  .         Harm     .     (no gloves)
MR     .....     Rnd*Rage +     (no boots)
Stlth  ..........               (no amulet)
                                (no ring)
                                (no ring)

@: exhausted, slowed, very slow
A: berserk 1, blurry vision 1, negative energy resistance 1, screaming 1,
electricity resistance, unbreathing, petrification resistance, rot immunity, AC
+3
a: no special abilities


You were on level 3 of the Dungeon.
You were not hungry.

You visited 1 branch of the dungeon, and saw 3 of its levels.

You collected 76 gold pieces.

Inventory:

Hand Weapons
 a - a +0 rapier (weapon)
Armour
 b - a +0 scale mail (worn)
 c - a +0 shield (worn)
Wands
 j - a wand of lightning (9/15)
Scrolls
 i - 2 scrolls of identify
Potions
 d - a potion of might
 e - a potion of brilliance
Comestibles
 f - a bread ration
 g - 3 chunks of flesh
 h - a beef jerky


   Skills:
 + Level 3.5 Fighting
 + Level 2.8 Short Blades
 + Level 4.0 Armour
 + Level 0.1 Dodging
 + Level 3.8 Shields


You had 3 spell levels left.
You didn't know any spells.

Dungeon Overview and Level Annotations

Branches:
Dungeon (3/15)

Altars:

Annotations:
D:3 Natasha


Innate Abilities, Weirdness & Mutations

You are resistant to torment.
Your stone body is resilient. (AC +3)
You are immune to poison.
You resist negative energy. (rN+)
You are resistant to electric shocks. (rElec)
You can survive without breathing.
You are immune to petrification.
You are immune to rotting.
You tend to lose your temper in combat.
Scrolls take you a little longer to read.
You occasionally shout uncontrollably at your foes.


Message History

Natasha claws you.
Natasha mumbles some strange words.
You miss Natasha.
Natasha is moderately wounded.
The crimson imp hits you but does no damage.
Natasha closely misses you.
The crimson imp disappears for a moment.
The crimson imp hits you but does no damage.
You closely miss Natasha.
Natasha is moderately wounded.
You block Natasha's attack. The crimson imp completely misses you.
You block the white imp's attack.
Natasha hisses.
Natasha claws you but does no damage. The crimson imp barely misses you.
You miss Natasha.
Natasha is moderately wounded.
Natasha claws you. The white imp gestures at you. The puff of frost hits you!
You die...

#.##........#
#.###.....#.# #.#
##...##.# #.#
##.###.# ## #.. ###
#.# .. #.. .# #..
.#
#################5#
................@.#
################h5#
#..# #.... ......
#.##### ... #.#


You could see Natasha, a crimson imp and a white imp.

Vanquished Creatures
  An adder (D:3)
  2 worms (D:2)
  3 dart slugs
  A leopard gecko (D:1)
  An orc (D:3)
  A ball python (D:1)
  6 bats
  3 giant cockroaches
  6 goblins
  4 hobgoblins
  4 jackals (D:1)
  5 kobolds
  3 frilled lizards (D:1)
  4 rats
44 creatures vanquished.

Notes
Turn   | Place    | Note
-------+----------+-------------------------------------------
     0 | D:1      | JeffiDaFish the Gargoyle Fighter began the quest for the Orb.
     0 | D:1      | Reached XP level 1. HP: 14/14 MP: 1/1
   149 | D:1      | Reached XP level 2. HP: 16/19 MP: 2/2
   657 | D:1      | Reached XP level 3. HP: 23/23 MP: 3/3
  1109 | D:2      | Gained mutation: Scrolls take you a little longer to read. [potion of mutation]
  1109 | D:2      | Gained mutation: You occasionally shout uncontrollably at your foes. [potion of mutation]
  1109 | D:2      | Gained mutation: You tend to lose your temper in combat. [potion of mutation]
  1594 | D:3      | Reached skill level 4 in Armour
  1594 | D:3      | Reached XP level 4. HP: 28/28 MP: 4/4
  1758 | D:3      | Noticed Natasha
  1766 | D:3      | Killed from afar by a white imp

Vault maps used:
D:1:      minmay_arrival_four_circles, hangedman_decor_diamond_cutter,
          kennysheep_small_spiral, feat_on_display
D:3:      first_bread, kennysheep_nub, uniq_natasha

Skill      XL: |  1  2  3 |
---------------+----------+-----
Short Blades   | 2 |  2.8
Armour         | 4 |  4.0
Fighting       | |  3.5
Dodging        | |  0.1
Shields        | |  3.8

Action                   |  1- 3 |  4- 6 || total
-------------------------+-------+-------++-------
Melee: Rapier            |   144 |    17 ||   161
  Use: Scroll            |     7 |       ||     7
       Potion            |     5 |       ||     5
  Eat: Chunk             |     3 |       ||     3
Armor: Scale mail        |    75 |     6 ||    81
Dodge: Dodged            |    40 |     7 ||    47
Block: Shield            |    69 |     8 ||    77
